Map: 어스름 탑

Players

Rose (Python)

  • Race: Zerg Zerg
  • League: Grandmaster

llllllllllll (Scarlett) - Winner!

  • Race: Zerg Zerg
  • League: Grandmaster

VOD

Have the link to the VOD?

Description

Time

  • Played on: April 14, 2016, 4:28 a.m.
  • Length: 8:24
Show
View Real Time Build Order
Export as new Build Order

Rose Zerg 

Build Orders: Hatch First 

Get SALT Encoding   

  12  0:01  Drone  
  13  0:08  Drone  
  14  0:18  Overlord  
  14  0:23  Extractor, Drone  
  15  0:36  Drone x2  
  17  0:52  Hatchery  
  17  0:54  Drone  
  17  1:08  Spawning Pool  
  16  1:11  Extractor  
  16  1:12  Drone  
  16  1:16  Drone  
  17  1:20  Drone  
  18  1:30  Drone  
  19  1:38  Overlord  
  19  1:54  Queen  
  19  1:55  Zergling x2  
  19  2:00  Drone  
  23  2:03  Baneling Nest  
  23  2:06  Queen  
  23  2:07  Drone  
  25  2:10  Zergling x2  
  26  2:16  Drone  
  26  2:22  Drone  
  28  2:26  Drone  
  29  2:32  Metabolic Boost  
  29  2:36  Drone  
  30  2:39  Drone  
  31  2:45  Roach Warren  
  31  2:47  Drone  
  31  2:48  Drone  
  32  2:57  Overlord  
  32  3:02  Drone  
  33  3:09  Overlord, Drone x3  
  36  3:19  Overlord  
  36  3:22  Overlord  
  36  3:26  Roach x3, Extractor  
  40  3:30  Roach  
  42  3:39  Roach x2  
  46  3:45  Roach  
  46  3:47  Roach  
  50  3:48  Overlord  
  50  3:51  Zergling x4  
  50  3:55  Zergling x4  
  54  4:03  Zergling x6  
  57  4:12  Zergling x8  
  60  4:25  Zergling x4  
  60  4:26  Zergling x2  
  58  4:36  Zergling x4  
  58  4:37  Zergling x4  
  62  4:45  Zergling x8  
  66  4:48  Baneling x2  
  66  4:53  Zergling x2  
  66  4:55  Overlord  
  49  5:12  Baneling x5  
  49  5:18  Zergling x2  
  49  5:19  Zergling x14  
  57  5:28  Zergling x4  
  51  5:41  Zergling x4  
  48  5:45  Zergling x2  
  45  5:57  Zergling x4  
  43  6:01  Baneling x3  
  43  6:03  Zergling x8  
  44  6:12  Zergling x8  
  41  6:19  Zergling x2  
  41  6:20  Zergling x2  
  38  6:30  Zergling x2  
  35  6:33  Zergling x6  
  35  6:34  Queen  
  35  6:37  Baneling x3  
  36  6:42  Zergling x2  
  34  6:47  Drone x3  
  34  6:48  Drone  
  38  6:55  Drone x2  
  40  7:01  Drone  
  40  7:02  Hatchery  
  40  7:04  Baneling  
  40  7:08  Drone  
  41  7:11  Lair  
  41  7:12  Drone  
  42  7:18  Drone  
  42  7:19  Drone x2  
  42  7:20  Drone  
  46  7:24  Evolution Chamber  
  46  7:25  Roach  
  46  7:33  Roach  
  48  7:41  Baneling x9  
  48  7:42  Roach  
  48  7:43  Roach x3  
  56  7:45  Roach  
  62  7:51  Roach x2  
  62  8:01  Roach x2, Zergling x2  
Show
View Real Time Build Order
Export as new Build Order

llllllllllll Zerg - Winner!

Build Orders: 3 Hatch before Pool, Zergling Baneling 

Get SALT Encoding   

  12  0:00  Drone  
  13  0:08  Drone  
  14  0:17  Overlord  
  14  0:23  Extractor, Drone  
  15  0:38  Drone x2  
  17  0:53  Hatchery  
  17  0:56  Drone  
  17  0:58  Drone  
  18  1:07  Drone  
  19  1:21  Hatchery  
  18  1:26  Drone  
  19  1:38  Extractor  
  18  1:40  Spawning Pool  
  18  1:41  Drone  
  18  1:46  Drone  
  19  1:50  Drone  
  20  2:02  Drone  
  20  2:06  Drone  
  22  2:10  Drone  
  23  2:16  Drone  
  23  2:20  Overlord  
  24  2:27  Queen x2  
  28  2:35  Zergling x4  
  30  2:39  Metabolic Boost  
  30  2:41  Queen  
  32  2:46  Drone  
  32  2:47  Drone  
  34  2:54  Overlord  
  34  2:58  Zergling x4  
  36  3:02  Zergling x2  
  36  3:03  Zergling x2  
  38  3:12  Overlord  
  38  3:13  Zergling x4, Extractor  
  39  3:20  Overlord  
  39  3:24  Baneling Nest  
  39  3:27  Zergling x6  
  39  3:33  Zergling x4  
  44  3:41  Zergling x4  
  44  3:46  Zergling x6  
  44  3:47  Zergling x2  
  50  3:59  Zergling x10  
  55  4:10  Zergling x6  
  55  4:14  Baneling x4  
  58  4:20  Zergling x2  
  58  4:21  Zergling x6  
  56  4:25  Zergling x2  
  56  4:26  Zergling x2  
  51  4:34  Zergling x6  
  51  4:37  Baneling x3  
  53  4:41  Zergling x8  
  57  4:48  Baneling  
  57  4:51  Zergling x6  
  59  5:11  Zergling x14  
  61  5:28  Zergling x10  
  60  5:38  Zergling x2  
  60  5:39  Zergling x12  
  57  5:44  Drone  
  52  6:02  Extractor, Roach Warren  
  49  6:04  Drone x4  
  49  6:05  Drone x2  
  49  6:08  Drone x2  
  49  6:09  Drone  
  56  6:20  Drone x3  
  56  6:23  Baneling  
  56  6:24  Baneling  
  56  6:25  Baneling  
  52  6:32  Drone x7  
  55  6:37  Overlord x2  
  51  6:45  Zergling x8  
  53  6:51  Roach x2  
  53  6:52  Roach  
  53  6:53  Roach  
  61  7:01  Roach  
  61  7:02  Roach x3  
  61  7:04  Roach  
  61  7:08  Roach x2  
  75  7:10  Roach  
  75  7:12  Overlord  
  75  7:15  Overlord  
  77  7:19  Roach x2  
  81  7:26  Zergling x2  
  82  7:32  Zergling x2  
  82  7:33  Zergling x14  
  82  7:35  Zergling x2  
  82  7:36  Zergling x4  
  93  7:38  Baneling x3  
  93  7:39  Baneling  
  93  7:40  Baneling  
  93  7:43  Zergling x6  
  96  7:47  Baneling  
  96  7:49  Baneling  
  96  7:52  Zergling x2  
  96  7:53  Zergling x2  
  97  8:13  Ravager  
Tags
 
Add a new tag
Caveats
  • Supply blocks, unpowered buildings, or Contaminate may cause inaccurate times.
  • Supply counts are checked every 10 seconds.